 Dungeon Crawl Stone Soup version 0.30.1-11-g7821555f0a (webtiles) character file.

Game seed: 15353878027367997759

320 CaptainBlack the Trooper (level 6, -1/48 HPs)
             Began as a Demonspawn Fighter on Nov 5, 2023.
             Frozen to death by an endoplasm (3 damage)
             ... on level 4 of the Dungeon.
             The game lasted 00:06:57 (1167 turns).

CaptainBlack the Trooper (Demonspawn Fighter)       Turns: 1167, Time: 00:06:57

Health: -1/48      AC:  9    Str: 19    XL:     6   Next: 22%
Magic:  7/7        EV:  9    Int: 15    God:
Gold:   72         SH:  4    Dex: 12    Spells: 7/7 levels left

rFire   + + .        a - +0 long sword
rCold   . . .        c - +0 buckler
rNeg    . . .        b - +0 scale mail
rPois   .            (no helmet)
rElec   .            (no cloak)
rCorr   .            (no gloves)
SInv    +            (no boots)
Will    .....        (no amulet) Stlth
                     f - +6 ring of intelligence
HPRegen 0.28/turn    g - ring of see invisible
MPRegen 0.10/turn

%: no passive effects
@: no status effects
A: icy blue scales 2, demonic guardian 1, fire resistance 2
a: no special abilities


You were on level 4 of the Dungeon.
You visited 1 branch of the dungeon, and saw 4 of its levels.

You collected 72 gold pieces.

Inventory:

Hand Weapons
 a - a +0 long sword (weapon)
Missiles
 e - 5 boomerangs
 j - 2 poisoned darts (quivered)
Armour
 b - a +0 scale mail (worn)
 c - a +0 buckler (worn)
Jewellery
 f - a +6 ring of intelligence (left hand)
 g - a ring of see invisible (right hand)
Potions
 i - a potion of attraction


   Skills:
 * Level 3.7 Fighting
 * Level 3.5 Long Blades
 * Level 1.3 Throwing
 * Level 3.4 Armour
 * Level 1.2 Dodging
 * Level 1.5 Stealth
 * Level 3.3 Shields
 * Level 1.1 Spellcasting


You had 7 spell levels left.
You didn't know any spells.
Your spell library contained the following spells:

 Spells                   Type           Power      Damage    Failure   Level
 Lesser Beckoning         Tloc           0%         N/A       80%         2
 Gell's Gravitas          Tloc           0%         N/A       95%         3
 Teleport Other           Tloc           0%         N/A       95%         3


Dungeon Overview and Level Annotations

Branches:
Dungeon (4/15)
 Temple: D:4-7

Altars:

Annotations:
D:4 Pikel


Innate Abilities, Weirdness & Mutations

You are mostly covered in icy blue scales. (AC +3)
A weak demonic guardian rushes to your aid.
Your flesh is very heat resistant. (rF++)


Message History

Aim: Pikel, wielding a +0 whip of flaming and wearing a +2 robe of willpower (moderately wounded, 50% to hit)
You throw a poisoned dart. The poisoned dart hits Pikel.
Pikel is poisoned.
Pikel is moderately wounded.
A giant cockroach comes into view.
The hound attacks as you move away! The hound barely misses you.
Pikel looks more healthy.
The hound barely misses you. Pikel attacks as you move away!
Pikel hits you with a +0 whip of flaming.
* * * LOW HITPOINT WARNING * * *
The hound bites you but does no damage.
You aren't carrying any scrolls.
Unknown command.
Okay, then.
You closely miss the hound. The hound bites you but does no damage.
The hound completely misses you.
You hit the hound.
The hound is moderately wounded.
The hound bites you but does no damage. The hound misses you.
You slash the hound!
You kill the hound!
The giant cockroach misses you.
You slash the giant cockroach!
You kill the giant cockroach!
The kobold closely misses you. You block the kobold's attack.
The kobold hits you but does no damage.
The endoplasm jiggles.
The kobold hits you but does no damage. The endoplasm hits you.
* * * LOW HITPOINT WARNING * * *
A demonic guardian appears!
The lemure attacks as you move away! You block the lemure's attack.
The kobold barely misses you. The endoplasm freezes you.
You are frozen.
* * * LOW HITPOINT WARNING * * *
The lemure attacks as you move away! The lemure closely misses you.
The kobold attacks as you move away! The kobold barely misses you.
The endoplasm freezes you.
You are frozen.
You die...

###K... . .###.....
#..5#....
...............
#<.....5.
...###.###.....
#.###..##
................ ###
..##....5.####...).
#B#.....# #.....
.......## #KK...
#######......# #K55).
#..5K5@......##
#..###
#...5J###.#...####.K#
#....K5K.....(..JK.##
#######.....########
#...### #...# #...#
#####


You could see 3 lemures, an endoplasm, 2 kobolds and a friendly iron imp
(summoned).

Vanquished Creatures
  A black bear (D:4)
  An ogre (D:4)
  A hound (D:4)
  An iguana (D:3)
  5 adders
  2 worms
  6 orcs
  2 endoplasms
  2 giant cockroaches
  3 goblins
  3 hobgoblins
  4 jackals (D:1)
  2 quokkas (D:3)
  3 bats
  A kobold (D:1)
  2 rats (D:1)
39 creatures vanquished.

Vanquished Creatures (collateral kills)
  An orc (D:3)
  A hobgoblin (D:3)
2 creatures vanquished.

Grand Total: 41 creatures vanquished

Notes
Turn   | Place    | Note
-------+----------+-------------------------------------------
     0 | D:1      | CaptainBlack the Demonspawn Fighter began the quest for the
                  | Orb.
     0 | D:1      | Reached XP level 1. HP: 18/18 MP: 1/1
   158 | D:1      | Gained mutation: You are partially covered in icy blue
                  | scales. (AC +2) [demonic ancestry]
   158 | D:1      | Reached XP level 2. HP: 14/24 MP: 2/2
   401 | D:2      | Gained mutation: A weak demonic guardian rushes to your
                  | aid. [demonic ancestry]
   401 | D:2      | Reached XP level 3. HP: 22/29 MP: 3/3
   586 | D:3      | HP: 1/29 [poisoned by an adder]
   614 | D:3      | HP: 1/29 [orc/+0 dagger (4)]
   761 | D:3      | Reached XP level 4. HP: 26/35 MP: 4/4
   829 | D:4      | Noticed a lemure
  1040 | D:4      | Noticed a black bear
  1071 | D:4      | Killed a black bear
  1072 | D:4      | Reached skill level 1 in Throwing
  1072 | D:4      | Reached skill level 1 in Dodging
  1072 | D:4      | Reached skill level 1 in Stealth
  1072 | D:4      | Gained mutation: You are mostly covered in icy blue scales.
                  | (AC +3) [demonic ancestry]
  1072 | D:4      | Reached XP level 5. HP: 27/41 MP: 4/6
  1099 | D:4      | Noticed an ogre
  1106 | D:4      | Noticed a lemure
  1109 | D:4      | Noticed Pikel
  1116 | D:4      | Noticed a lemure
  1120 | D:4      | Noticed a lemure
  1121 | D:4      | Killed an ogre
  1122 | D:4      | Reached skill level 1 in Spellcasting
  1122 | D:4      | Reached XP level 6. HP: 27/48 MP: 7/7
  1150 | D:4      | Gained mutation: Your flesh is heat resistant. (rF+)
                  | [potion of mutation]
  1150 | D:4      | Gained mutation: Your flesh is very heat resistant. (rF++)
                  | [potion of mutation]
  1156 | D:4      | HP: 1/48 [Pikel/+0 whip of flaming (6)]
  1166 | D:4      | HP: 1/48 [frozen (2)]
  1167 | D:4      | Frozen to death by an endoplasm

Illustrated notes

Levels and vault maps discovered:
D:1:      tarquinn_simple_flora_water_e, layout_rooms, serial_forest,
          infiniplex_forest_3_way, infiniplex_forest_end_double,
          infiniplex_forest_straight_2, infiniplex_forest_straight_3,
          infiniplex_forest_straight_1, infiniplex_forest_clump_cross,
          infiniplex_forest_end_3
D:2:      wad_crossroads, layout_loops_corners,
          shapermc_ecumenical_altar_hornbeckon, basic_altar
D:3:      layout_basic, slow_altar_2, nicolae_hepliaklqana_hippocampus,
          uniq_natasha
D:4:      layout_rooms, mainiacjoe_overflow_alcove_4, uniq_pikel

Skill      XL: |  1  2  3  4  5 |
---------------+----------------+-----
Long Blades    | 2 3 |  3.5
Armour         | 3 |  3.4
Shields        | 3 |  3.3
Throwing       | 1 |  1.3
Dodging        | 1 |  1.2
Stealth        | 1 |  1.5
Spellcasting   | 1 |  1.1
Fighting       | |  3.7

Action                     |  1- 3 |  4- 6 || total
---------------------------+-------+-------++-------
  Melee: Long sword        |   120 |    68 ||   188
  Throw: Dart              |    10 |     5 ||    15
    Use: Potion            |     3 |     2 ||     5
         Scroll            |     2 |       ||     2
   Stab: Invisible         |     1 |       ||     1
 Armour: Scale mail        |    86 |    53 ||   139
  Dodge: Dodged            |    70 |    54 ||   124
  Block: Buckler           |    38 |    26 ||    64
